General information
- name: BNet
- type: Ladder team game (AT/RT)
- host: Battle.net
- saver: Zephyd
map: Goldshire
- players: 4
- length: 08:49
- speed: Fast
- version: 1.23 W3XP
- replay type: Public
» download(41 KB)
Players
team 1 (loser)
911Truth.org (
pink | 27 APM | 234 actions | 08:47)
2 Demon Hunter
1 Mana Burn
1 Immolation
» actions
| Assign group hotkey | 1 | |
| Basic commands | 43 | |
| Build / train | 22 | |
| ESC pressed | 5 | |
| Enter build submenu | 9 | |
| Enter hero's abilities submenu | 2 | |
| Right click | 43 | |
| Select / deselect | 90 | |
| Use ability | 19 | |
234 total
» units
| Wisp | 10 | |
| Archer | 2 | |
| Glaive Thrower | 7 | |
19 total
» buildings
| Moon Well | 4 | |
| Ancient of War | 2 | |
| Altar of Elders | 1 | |
| Hunter's Hall | 1 | |
| Ancient Protector | 1 | |
9 total
» build order
00:16 Moon Well
00:31 Ancient of War
00:42 Altar of Elders
01:27 Moon Well
02:27 Moon Well
02:34 Hunter's Hall
03:35 Ancient of War
03:50 Ancient Protector
03:57 Moon Well
GeneraIChaos (
teal | 47 APM | 402 actions | 08:38)
2 Demon Hunter
1 Mana Burn
1 Immolation
» actions
| Assign group hotkey | 18 | |
| Build / train | 21 | |
| ESC pressed | 1 | |
| Enter build submenu | 9 | |
| Enter hero's abilities submenu | 2 | |
| Right click | 155 | |
| Select / deselect | 149 | |
| Select group hotkey | 26 | |
| Use ability | 21 | |
402 total
» units
| Wisp | 8 | |
| Huntress | 4 | |
| Glaive Thrower | 5 | |
17 total
» buildings
| Altar of Elders | 1 | |
| Moon Well | 4 | |
| Ancient of War | 2 | |
| Hunter's Hall | 1 | |
| Tree of Ages | 1 | |
9 total
» build order
00:24 Altar of Elders
00:27 Moon Well
01:48 Ancient of War
01:50 Hunter's Hall
02:03 Ancient of War
02:15 Moon Well
03:24 Moon Well
03:30 Moon Well
06:43 Tree of Ages
team 2 (winner)
shArAh0evA (
red | 58 APM | 513 actions | 08:48)
1 Goblin Tinker
1 Pocket Factory
» actions
| Assign group hotkey | 2 | |
| Basic commands | 1 | |
| Build / train | 14 | |
| ESC pressed | 1 | |
| Enter build submenu | 20 | |
| Enter hero's abilities submenu | 1 | |
| Right click | 339 | |
| Select / deselect | 112 | |
| Use ability | 23 | |
513 total
» units
» buildings
| War Mill | 1 | |
| Orc Burrow | 1 | |
| Watch Tower | 15 | |
| Altar of Storms | 1 | |
| Stronghold | 1 | |
19 total
» build order
00:18 War Mill
00:34 Orc Burrow
02:06 Watch Tower
02:20 Watch Tower
02:23 Watch Tower
02:31 Altar of Storms
03:11 Watch Tower
03:25 Watch Tower
03:29 Watch Tower
04:13 Watch Tower
04:24 Watch Tower
04:36 Watch Tower
04:48 Watch Tower
05:13 Watch Tower
05:34 Watch Tower
07:26 Watch Tower
07:28 Watch Tower
07:59 Stronghold
08:31 Watch Tower
Zephyd (
yellow | 143 APM | 1265 actions | 08:49)
3 Demon Hunter
2 Mana Burn
1 Evasion
» actions
| Assign group hotkey | 132 | |
| Basic commands | 24 | |
| Build / train | 31 | |
| ESC pressed | 1 | |
| Enter build submenu | 11 | |
| Enter hero's abilities submenu | 3 | |
| Right click | 747 | |
| Select / deselect | 166 | |
| Select group hotkey | 127 | |
| Use ability | 23 | |
1265 total
» units
» buildings
| Altar of Elders | 1 | |
| Moon Well | 3 | |
| Ancient of War | 2 | |
| Hunter's Hall | 1 | |
| Ancient Protector | 1 | |
| Tree of Ages | 1 | |
9 total
» build order
00:03 Altar of Elders
00:09 Moon Well
01:25 Moon Well
01:48 Ancient of War
02:17 Moon Well
02:25 Ancient of War
02:32 Hunter's Hall
03:35 Ancient Protector
05:54 Tree of Ages
Chat log
(01:21 / All) GeneraIChaos: hey pretty lady ! nice and chubby baby ! froin laven wolf
(02:00 / All) GeneraIChaos: smells like poo gas
(02:33 / All) GeneraIChaos: when the wiver wim wivers in the wind
(02:37 / All) GeneraIChaos: the wind will wiver back
(02:49 / All) GeneraIChaos: oh nice and chubby baby !
(06:30 / All) GeneraIChaos: self kill ?
(08:21 / All) GeneraIChaos: Gg friends
(08:22 / All) GeneraIChaos: clan zero